 Dungeon Crawl Stone Soup version 0.24-a0-420-g24607be9ce (webtiles) character file.

Game seed: 8378160274670581450

64523 Amnesiac the Devastator (level 14, -3/116 HPs)
             Began as a Demigod Conjurer on June 11, 2019.
             Killed by divine providence
             ... invoked by a sphinx
             ... summoned by Kirke
              (15 damage)
             ... on level 12 of the Dungeon.
             The game lasted 00:54:11 (23101 turns).

Amnesiac the Devastator (Demigod Conjurer)         Turns: 23101, Time: 00:54:11

Health: -3/116     AC: 15    Str: 11    XL:     14   Next: 33%
Magic:  6/45       EV: 18    Int: 32    God:
Gold:   1830       SH:  3    Dex: 18    Spells: 7/37 levels left

rFire    . . .     SeeInvis .   b - staff of conjuration
rCold    . . .     Gourm    .   (no shield)
rNeg     . . .     Faith    .   B - +2 robe {Archmagi}
rPois    .         Spirit   .   q - +3 hat of Pondering {ponderous, MR+ MP+10 Int+5}
rElec    +         Reflect  +   d - +0 cloak (curse)
rCorr    .         Harm     .   (no gloves)
MR       ++...                  y - +1 pair of boots
Stlth    +++.......             A - +3 amulet of reflection
HPRegen  0.29/turn              D - +5 ring of protection
MPRegen  0.29/turn              f - ring of wizardry

@: very slightly contaminated, slow
A: agile 1, high mp 1, electricity resistance
a: no special abilities


You were on level 12 of the Dungeon.
You were hungry.

You visited 2 branches of the dungeon, and saw 18 of its levels.
You also visited: Ossuary.

You collected 1830 gold pieces.

Inventory:

Hand Weapons
 a - a +2 whip of electrocution
Missiles
 u - 3 throwing nets (quivered)
 M - 2 curare-tipped darts
Armour
 d - a cursed +0 cloak (worn)
 q - the +3 hat of Pondering (worn) {ponderous, MR+ MP+10 Int+5}
   (You found it on level 6 of the Lair of Beasts)

   It affects your intelligence (+5).
   It affects your resistance to hostile enchantments.
   It affects your magic capacity (+10).
 y - a +1 pair of boots (worn)
 B - a +2 robe of the Archmagi (worn)
 K - +0 fire dragon scales
Magical Staves
 b - an uncursed staff of conjuration (weapon)
 v - an uncursed staff of cold
Jewellery
 f - a ring of wizardry (right hand)
 o - an uncursed ring of protection from cold
 w - a +4 ring of evasion
 A - a +3 amulet of reflection (around neck)
 C - an uncursed amulet of magic regeneration
 D - a +5 ring of protection (left hand)
 E - an uncursed ring of flight
Wands
 m - a wand of flame (17)
 x - a wand of random effects (31)
 L - a wand of polymorph (3)
Scrolls
 e - a scroll of enchant armour {!r}
 h - 5 scrolls of enchant weapon {!r}
 j - a scroll of fear {!r}
 k - 5 scrolls of remove curse {!r}
 l - 15 scrolls of teleportation {!r}
 n - 4 scrolls of blinking {!r}
 s - 7 scrolls of magic mapping {!r}
 G - a scroll of identify {!r}
 H - 2 scrolls of fog {!r}
Potions
 i - a potion of haste {!q}
 p - 2 potions of agility {!q}
 r - 2 potions of berserk rage {!q}
 t - a potion of curing {!q}
 z - 3 potions of might {!q}
 F - a potion of mutation {!q}
 I - 2 potions of resistance {!q}
 J - a potion of invisibility {!q}
Miscellaneous
 g - a lamp of fire (inert)
Comestibles
 c - 32 rations
 N - 4 chunks of flesh


   Skills:
 + Level 8.5 Fighting
 + Level 8.5 Dodging
 - Level 4.2 Stealth
 + Level 12.2 Spellcasting
 - Level 16.0 Conjurations


You had 7 spell levels left.
You knew the following spells:

 Your Spells              Type           Power        Failure   Level  Hunger
a - Iron Shot             Conj/Erth      ########..   6%          6    ####...
b - Summon Butterflies    Summ           ####....     1%          1    None
c - Apportation           Tloc           ####..       1%          1    None
d - Iskenderun's Mystic   Conj           ########     1%          4    None
e - Orb of Destruction    Conj           ########..   1%          7    ######.
f - Force Lance           Conj/Tloc      ########     1%          4    None
g - Spellforged Servitor  Conj/Summ      ########..   30%         7    ######.

Your spell library contained the following spells:

 Spells                   Type           Power        Failure   Level  Hunger
 Magic Dart               Conj           ####         0%          1    None
 Searing Ray              Conj           ######       0%          2    None
 Summon Small Mammal      Summ           ####         1%          1    None
 Call Imp                 Summ           ####....     1%          2    None
 Ensorcelled Hibernation  Hex/Ice        ####..       1%          2    None
 Dazzling Spray           Conj/Hex       ######       1%          3    None
 Fulminant Prism          Conj/Hex       ########..   1%          4    None
 Iskenderun's Battlesphe  Conj/Chrm      ########     1%          5    #......
 Venom Bolt               Conj/Pois      ########..   1%          5    #......
 Call Canine Familiar     Summ           ####....     3%          3    None
 Lesser Beckoning         Tloc           ####......   3%          3    None
 Summon Guardian Golem    Hex/Summ       ####....     3%          3    None
 Tukima's Dance           Hex            ####....     3%          3    None
 Bolt of Magma            Conj/Fire/Erth #######...   3%          5    #......
 Leda's Liquefaction      Hex/Erth       ####......   10%         4    None
 Summon Ice Beast         Ice/Summ       ####....     10%         4    None
 Summon Lightning Spire   Summ/Air       ####....     10%         4    None
 Alistair's Intoxication  Tmut/Pois      ####....     26%         5    #......
 Borgnjor's Vile Clutch   Necr/Erth      ####......   26%         5    #......
 Silence                  Hex/Air        ####......   26%         5    #......
 Darkness                 Hex            ####......   80%         6    ####...
 Invisibility             Hex            ####....     80%         6    ####...
 Shadow Creatures         Summ           N/A          80%         6    ####...
 Statue Form              Tmut/Erth      ####.....    80%         6    ####...
 Shatter                  Erth           ####......   100%        9    #######


Dungeon Overview and Level Annotations

Branches:
Dungeon (12/15)            Temple (0/1) D:6            Lair (6/6) D:10
  Swamp (0/4) Lair:2        Snake (0/4) Lair:2        Slime (0/5) Lair:5
    Orc (0/2) D:12

Annotations:
D:12 Kirke


Innate Abilities, Weirdness & Mutations

You have an increased reservoir of magic. (+10% MP)
You are agile. (Dex +2)
You are resistant to electric shocks. (rElec)


Message History

Press: ? - help, Shift-Dir - straight line, f/p - cyan ugly thing
Aim: a cyan ugly thing (grey smoke, lightly wounded)
The puff of flame misses the cyan ugly thing.
The orc priest invokes the aid of Beogh against you.
Beogh smites you! Something hits you! The cyan ugly thing closely misses you.
Really read
j - 2 scrolls of fear {!r}?
As you read the scroll of fear {!r}, it crumbles to dust.
You assume a fearsome visage.
The hog looks frightened!
The cyan ugly thing looks frightened!
The orc priest looks frightened!
Evoke which item? (* to show all) (? for menu, Esc to quit)
Aiming: Throw Flame
Press: ? - help, Shift-Dir - straight line, p - cyan ugly thing The puff of flame hits the orc priest.
The orc priest is moderately wounded.
Your attack snaps the orc priest out of its fear.
You hear some strange, mumbled words.
Something summons a sphinx!
Evoke which item? (* to show all) (? for menu, Esc to quit)
Aiming: Throw Flame
Press: ? - help, Shift-Dir - straight line The puff of flame hits the hog.
The hog is lightly wounded.
Your attack snaps the hog out of its fear.
The sphinx mumbles some strange words.
You suddenly lose the ability to move!
The orc priest hits you but does no damage.
The sphinx hits you but does no damage. The sphinx hits you.
The sphinx hits you but does no damage.
The orc priest hits you but does no damage.
The sphinx hits you but does no damage. x2; The sphinx hits you!
The orc priest hits you but does no damage.
The sphinx mumbles some strange words.
Something smites you!
The cyan ugly thing seems to regain its courage.
The orc priest hits you. The sphinx hits you.
The sphinx hits you but does no damage. The sphinx hits you.
You hear some strange, mumbled words.
Something summons a sphinx!
The sphinx hits you!!
* * * LOW HITPOINT WARNING * * *
The sphinx hits you.
* * * LOW HITPOINT WARNING * * *
The sphinx hits you but does no damage.
The orc priest casts a cantrip, but nothing happens.
The sphinx hits you!!
* * * LOW HITPOINT WARNING * * *
The sphinx hits you.
* * * LOW HITPOINT WARNING * * *
The sphinx hits you.
* * * LOW HITPOINT WARNING * * *
The orc priest hits you but does no damage.
You can move again.
Unknown command.
Unknown command.
Unknown command.
Unknown command.
Unknown command.
Really read
n - 5 scrolls of blinking {!r}?
Blink to where?
Press: ? - help, Dir - move target cursor
As you read the scroll of blinking {!r}, it crumbles to dust.
The sphinx mumbles some strange words.
Something smites you!
You die...

..####### ....@..(##
...@.....# ##### #%.##
#...# #.H.# #...#
#h#.###...#########
#§oH.u...@'.......#
####.##...#######.#
#.###### #.#
#######.############.######
....................>.....#
#######..#######.#........#
##.## #.#........# #..#
#.#........# ##.#
#.#........#


You could see a sphinx, a cyan ugly thing and an orc priest.

Vanquished Creatures
  Harold (D:8)
  3 catoblepae (Lair:6)
  Fannar (Lair:2)
  9 hydras
  11 death yaks (Lair:6)
  A two-headed ogre (D:11)
  A tengu warrior (D:10)
  An ogre mage (D:11)
  Urug (Lair:5)
  A fire crab (D:10)
  Pikel (D:6)
  An orc knight (D:11)
  A cyclops (D:12)
  2 manticores (Lair:6)
  13 elephants
  7 black mambas
  Maurice (D:12)
  7 spiny frogs
  A gargoyle (D:12)
  2 rime drakes
  3 komodo dragons
  A kobold demonologist (D:11)
  A tyrant leech (Lair:2)
  3 trolls
  2 hornets
  5 hippogriffs
  3 blink frogs (Lair:2)
  7 dream sheep (Lair:6)
  2 wyverns
  38 yaks
  A steam dragon (D:7)
  2 basilisks
  2 hogs (D:12)
  2 hungry ghosts
  4 vampire mosquitoes (D:12)
  Edmund (D:6)
  5 nagas (Lair:2)
  4 porcupines
  A sky beast (D:7)
  13 water moccasins
  3 ice beasts
  A slave (D:6)
  4 phantoms
  4 black bears
  10 orc warriors
  A necrophage (D:10)
  11 wolves
  11 ogres
  3 centaurs
  8 crocodiles
  6 big kobolds
  16 bullfrogs
  4 gnoll sergeants
  3 scorpions
  2 water moccasin zombies (Ossuary)
  5 killer bees (D:10)
  2 electric eels (D:10)
  4 wights
  3 howler monkeys (D:10)
  3 bullfrog zombies
  4 crimson imps
  A centaur zombie (D:5)
  4 centaur skeletons
  A bullfrog skeleton (D:11)
  11 hounds
  4 jellies
  5 orc priests
  Crazy Yiuf (D:6)
  2 iguanas
  6 worker ants
  8 orc wizards
  2 big kobold zombies (Ossuary)
  2 mummies (Ossuary)
  2 hound skeletons
  A howler monkey zombie (D:7)
  4 gnolls
  18 adders
  4 shadow imps
  2 oozes
  9 adder zombies
  3 adder skeletons
  3 dart slugs
  7 leopard geckos
  43 orcs
  5 ball pythons
  8 giant cockroaches
  7 goblins
  10 hobgoblins
  9 jackals
  14 kobolds
  3 quokkas
  6 bats
  7 frilled lizards
  A giant cockroach zombie (D:6)
  2 gnoll zombies (Ossuary)
  6 hobgoblin zombies (Ossuary)
  3 kobold zombies (Ossuary)
  4 orc zombies (Ossuary)
  5 rats
  A plant (Lair:6)
508 creatures vanquished.

Vanquished Creatures (others)
  An adder (D:6)
  11 fungi
  13 plants
25 creatures vanquished.

Grand Total: 533 creatures vanquished

Notes
Turn   | Place    | Note
-------+----------+-------------------------------------------
     0 | D:1      | Amnesiac the Demigod Conjurer began the quest for the Orb.
     0 | D:1      | Reached XP level 1. HP: 14/14 MP: 5/5
   261 | D:1      | Reached skill level 4 in Conjurations
   261 | D:1      | Reached XP level 2. HP: 10/20 MP: 0/7
   824 | D:1      | Reached XP level 3. HP: 26/26 MP: 2/9
  1599 | D:2      | Found a blossoming altar of Fedhas.
  1601 | D:2      | Found an ancient bone altar of Kikubaaqudgha.
  1997 | D:3      | Found a shattered altar of Ashenzari.
  2024 | D:3      | Reached XP level 4. HP: 33/33 MP: 3/10
  2164 | D:3      | Found a deep blue altar of Sif Muna.
  2200 | D:3      | Reached skill level 5 in Conjurations
  2491 | D:4      | Learned a level 4 spell: Iskenderun's Mystic Blast
  2599 | D:4      | Found an opulent altar of Gozag.
  2640 | D:4      | Reached XP level 5. HP: 24/38 MP: 7/12
  2772 | D:4      | Noticed an orc warrior
  2978 | D:4      | Found a hazy altar of Hepliaklqana.
  2980 | D:4      | Found a burning altar of Makhleb.
  2984 | D:4      | Found a glowing silver altar of Zin.
  3534 | D:5      | Entered Level 5 of the Dungeon
  3549 | D:5      | Reached skill level 6 in Conjurations
  3575 | D:5      | Reached XP level 6. HP: 10/45 MP: 3/14
  3645 | D:5      | Noticed a hippogriff
  3968 | D:5      | Killed a hippogriff
  4388 | D:5      | Reached XP level 7. HP: 50/50 MP: 7/16
  4489 | D:5      | Reached skill level 7 in Conjurations
  4530 | D:5      | Gained mutation: You are agile. (Dex +2) [potion of
                  | mutation]
  4530 | D:5      | Gained mutation: You are resistant to electric shocks.
                  | (rElec) [potion of mutation]
  5165 | D:6      | Noticed Edmund
  5169 | D:6      | Killed Edmund
  5636 | D:6      | Found a runed translucent door.
  5637 | D:6      | Noticed Crazy Yiuf
  5676 | D:6      | Found a shadowy altar of Dithmenos.
  5759 | D:6      | Reached skill level 8 in Conjurations
  6033 | D:6      | Noticed Pikel
  6042 | D:6      | Killed Pikel
  6042 | D:6      | Reached skill level 5 in Spellcasting
  6042 | D:6      | Reached skill level 9 in Conjurations
  6042 | D:6      | Reached XP level 8. HP: 49/57 MP: 5/19
  6319 | D:6      | Found an ornate altar of the Wu Jian Council.
  6444 | D:6      | Found a staircase to the Ecumenical Temple.
  6559 | D:6      | Killed Crazy Yiuf
  7364 | D:7      | Reached XP level 9. HP: 14/62 MP: 2/22
  7520 | D:7      | Reached skill level 10 in Conjurations
  8210 | D:8      | Found a basalt altar of Yredelemnul.
  8317 | D:8      | Noticed Harold
  8441 | D:8      | Found a sand-covered staircase.
  8445 | Ossuary  | Entered an ossuary
  9151 | Ossuary  | Identified a scroll of acquirement {!r}
  9158 | D:8      | Reached skill level 12 in Conjurations
  9158 | D:8      | Reached XP level 10. HP: 69/69 MP: 22/26
  9159 | D:8      | Reached skill level 13 in Conjurations
  9159 | D:8      | Reached XP level 11. HP: 74/74 MP: 22/28
  9190 | D:8      | Killed Harold
  9190 | D:8      | Reached skill level 14 in Conjurations
 10822 | D:10     | Entered Level 10 of the Dungeon
 11073 | D:10     | Noticed a tengu warrior
 11185 | D:10     | Found a staircase to the Lair.
 11781 | D:10     | Killed a tengu warrior
 12506 | D:10     | Found a runed translucent door.
 12514 | D:10     | Noticed a fire crab
 12705 | D:11     | Learned a level 7 spell: Orb of Destruction
 12978 | D:11     | Reached skill level 10 in Spellcasting
 13055 | D:11     | Noticed a two-headed ogre
 13067 | D:11     | Killed a two-headed ogre
 13067 | D:11     | Reached XP level 12. HP: 81/81 MP: 1/30
 13135 | D:11     | Reached skill level 15 in Conjurations
 13364 | D:11     | Learned a level 1 spell: Summon Butterflies
 13366 | D:11     | Learned a level 1 spell: Apportation
 14158 | Lair:1   | Entered Level 1 of the Lair of Beasts
 14547 | Lair:1   | Noticed a five-headed hydra
 14618 | Lair:1   | Learned a level 4 spell: Force Lance
 14749 | Lair:1   | Killed a five-headed hydra
 15246 | Lair:2   | Noticed a seven-headed hydra
 15261 | Lair:2   | Killed a seven-headed hydra
 15344 | Lair:2   | Found a staircase to the Snake Pit.
 15351 | Lair:2   | Reached skill level 16 in Conjurations
 15497 | Lair:2   | Learned a level 6 spell: Iron Shot
 15536 | Lair:2   | Reached skill level 1 in Fighting
 15654 | Lair:2   | Noticed Fannar
 15745 | Lair:2   | Killed Fannar
 16048 | Lair:2   | Found a staircase to the Swamp.
 16129 | Lair:2   | Learned a level 7 spell: Spellforged Servitor
 16256 | Lair:3   | Noticed an eight-headed hydra
 16258 | Lair:3   | Killed an eight-headed hydra
 16265 | Lair:3   | Noticed a four-headed hydra
 16269 | Lair:3   | Killed a four-headed hydra
 16269 | Lair:3   | Reached XP level 13. HP: 95/95 MP: 10/32
 16637 | Lair:3   | You fall into a shaft and drop 2 floors!
 16660 | Lair:5   | Noticed Urug
 16664 | Lair:5   | Killed Urug
 16811 | Lair:5   | Found a viscous altar of Jiyva.
 16812 | Lair:5   | Found a staircase to the Slime Pits.
 17155 | Lair:5   | Reached skill level 5 in Dodging
 17353 | Lair:5   | Reached skill level 5 in Fighting
 19139 | Lair:6   | Entered Level 6 of the Lair of Beasts
 20355 | Lair:6   | Got a pitted longbow
 20356 | Lair:6   | Identified the +6 longbow "Kaqi" {velocity, +Inv Str+3
                  | Dex-3} (You found it on level 6 of the Lair of Beasts)
 20562 | Lair:6   | Reached XP level 14. HP: 113/113 MP: 0/34
 21388 | Lair:6   | Found the +3 hat of Pondering {ponderous, MR+ MP+10 Int+5}
 21824 | D:12     | Noticed Maurice
 21826 | D:12     | Killed Maurice
 21835 | D:12     | Found a snail-covered altar of Cheibriados.
 21982 | D:12     | Found a staircase to the Orcish Mines.
 22382 | D:12     | Noticed Kirke
 23093 | D:12     | Noticed a sphinx
 23093 | D:12     | Paralysed by a sphinx for 7 turns
 23098 | D:12     | Noticed a sphinx
 23101 | D:12     | Killed from afar by a sphinx

Levels and vault maps discovered:
D:1:      dpeg_chamrin_arrival_tetris, layout_basic
D:2:      layout_loops_cross, grunt_temple_overflow_growth_and_decay
D:3:      layout_basic, lemuel_blue_sif_altar, lemuel_doored_altar
D:4:      layout_basic, nicolae_overflow_crystal_walls,
          minmay_overflow_temple_star_quad, first_ration
D:5:      layout_rooms
D:6:      layout_loops_cross, nicolae_overflow_hidden_temple,
          kennysheep_little_box, minmay_temple_entry_nine_rooms, uniq_pikel,
          uniq_edmund, uniq_crazy_yiuf_cottage
D:7:      layout_loops_ring
D:8:      layout_rooms, yredelemnul_altar_generic, enter_ossuary_5, uniq_harold
D:9:      layout_grid_maze
D:10:     gammafunk_mikee_crab_dinner, layout_basic, erik_lair_island
D:11:     minmay_clustersquares, layout_long_grid, special_room
          [special_room_orc]
D:12:     layout_basic, kennysheep_orc_monster_closet_entryway, basic_altar,
          uniq_kirke, uniq_maurice
Lair:1:   minmay_lair_venomous_thicket, layout_misc_corridors,
          grunt_megastairs_4, serial_bayou_shore_b
Lair:2:   layout_long_grid, minmay_swamp_entry_worms,
          minmay_snake_entry_guardpost_medium, uniq_fannar
Lair:3:   layout_roguey, grunt_megastairs_2
Lair:4:   layout_long_grid, serial_bayou_shore_b
Lair:5:   wad_woods_structure_01, layout_cave_pods, slime_altar_1, uniq_urug
Lair:6:   evilmike_catoblepas_cave, layout_regular_city, serial_rivers,
          chequers_serial_rivers_micro_e, chequers_serial_rivers_small_b,
          chequers_serial_rivers_small_a, chequers_serial_rivers_micro_c,
          nicolae_volcano_entry_s_turn, infiniplex_staircase_pool_2,
          lemuel_fruit_tree

Skill      XL: |  1  2  3  4  5  6  7  8  9 10 11 12 13 14 |
---------------+-------------------------------------------+-----
Spellcasting   | 2 3 4 5 6 8 9 10 11 12 | 12.2
Conjurations   | 4 5 6 9 12 13 14 16 | 16.0
Stealth        | 2 3 4 |  4.2
Fighting       | 3 7 8 |  8.5
Dodging        | 3 7 8 |  8.5

Action                   |  1- 3 |  4- 6 |  7- 9 | 10-12 | 13-15 || total
-------------------------+-------+-------+-------+-------+-------++-------
Melee: Unarmed           |    16 |       |       |       |       ||    16
       Dagger            |     2 |       |       |       |       ||     2
       Staff             |       |     3 |    35 |     7 |    22 ||    67
 Cast: Magic Dart        |   105 |   115 |       |       |       ||   220
       Iskenderun's Myst |       |     6 |   128 |   214 |    27 ||   375
       Orb of Destructio |       |       |       |    72 |    87 ||   159
       Iron Shot         |       |       |       |       |   108 ||   108
Evoke: Wand              |       |     6 |     8 |     4 |     5 ||    23
       Lamp of fire      |       |       |       |       |     1 ||     1
  Use: Scroll            |       |    14 |     3 |     2 |     5 ||    24
       Potion            |       |     2 |     5 |     9 |     5 ||    21
 Stab: Sleeping          |       |       |     1 |       |       ||     1
  Eat: Chunk             |     4 |     8 |    14 |    43 |    54 ||   123
       Ration            |       |       |     5 |     3 |     8 ||    16
Armor: Robe              |     3 |    10 |    16 |    15 |    57 ||   101
Dodge: Dodged            |    15 |    37 |    49 |    36 |   118 ||   255
Block: Other             |       |       |       |       |     6 ||     6
       Reflection        |       |       |       |       |     1 ||     1

Table legend:
 A = Non-vault XP
 B = Vault XP
 C = Vault XP percentage of total XP
 D = Non-vault monster count
 E = Vault monster count
 F = Vault count percentage of total count
                 A         B        C        D         E       F
            +---------+---------+-------+---------+---------+-------
      Total |   52162 |   26715 |  33.9 |     363 |     143 |  28.3
            +---------+---------+-------+---------+---------+-------
        D:1 |      56 |       0 |   0.0 |      28 |       0 |   0.0
        D:2 |      32 |       0 |   0.0 |       9 |       0 |   0.0
        D:3 |      95 |       0 |   0.0 |      25 |       0 |   0.0
        D:4 |     341 |       0 |   0.0 |      21 |       0 |   0.0
        D:5 |     578 |       0 |   0.0 |      16 |       0 |   0.0
        D:6 |     542 |     835 |  60.6 |      13 |       3 |  18.8
        D:7 |    1494 |       0 |   0.0 |      19 |       0 |   0.0
        D:8 |     263 |    1050 |  80.0 |       5 |       1 |  16.7
        D:9 |    1025 |       0 |   0.0 |      17 |       0 |   0.0
       D:10 |    2518 |    1516 |  37.6 |      31 |       9 |  22.5
       D:11 |    4664 |    2734 |  37.0 |      43 |      27 |  38.6
       D:12 |    5367 |    2533 |  32.1 |      31 |      23 |  42.6
     Lair:1 |    3098 |    1945 |  38.6 |      10 |      16 |  61.5
     Lair:2 |    4891 |    2103 |  30.1 |      15 |       7 |  31.8
     Lair:3 |    6030 |       0 |   0.0 |      15 |       0 |   0.0
     Lair:4 |    1088 |       0 |   0.0 |       5 |       0 |   0.0
     Lair:5 |    4121 |    2157 |  34.4 |      16 |       7 |  30.4
     Lair:6 |   15959 |   11545 |  42.0 |      44 |      23 |  34.3
    Ossuary |       0 |     297 | 100.0 |       0 |      27 | 100.0
            +---------+---------+-------+---------+---------+-------
